 Dungeon Crawl Stone Soup version 0.27.1-1-g398f81649c (webtiles) character file.

Game seed: 15762337951757756312

78 Kala the Digger (level 4, 1/36 HPs)
             Began as a Deep Dwarf Earth Elementalist on Sept 6, 2021.
             Was a Believer of Lugonu.
             Quit the game on level 3 of the Dungeon.
             The game lasted 00:09:15 (2557 turns).

Kala the Digger (Deep Dwarf Earth Elementalist)     Turns: 2557, Time: 00:09:16

Health: 1/36       AC:  2    Str: 11    XL:     4   Next: 15%
Magic:  4/6        EV: 12    Int: 17    God:    Lugonu [**....]
Gold:   141        SH:  0    Dex: 13    Spells: 2/6 levels left

rFire    . . .     SeeInvis .   (no weapon)
rCold    . . .     Faith    .   (no shield)
rNeg     . . .     Spirit   .   b - +0 robe
rPois    .         Reflect  .   (no helmet)
rElec    .         Harm     .   (no cloak)
rCorr    .         Rampage  .   (no gloves)
Will     .....                  (no boots)
Stlth    ++........             (no amulet)
HPRegen  0.00/turn              (no ring)
MPRegen  0.10/turn              (no ring)

@: no status effects
A: damage resistance, heal wounds, sense surroundings 1, no regeneration
a: Heal Wounds, Renounce Religion, Depart the Abyss, Bend Space


You were on level 3 of the Dungeon.
You worshipped Lugonu.
Lugonu was pleased with you.
You visited 1 branch of the dungeon, and saw 3 of its levels.

You collected 141 gold pieces.

Inventory:

Missiles
 c - 53 stones
Armour
 a - a +0 ring mail
 b - a +0 robe (worn)
Scrolls
 d - a scroll of vulnerability {unknown}
 g - a scroll of amnesia {unknown}
 h - 2 scrolls of teleportation {unknown}
 j - a scroll of identify {unknown}
 m - a scroll of fear {unknown}
 n - a scroll of immolation {unknown}
 o - a scroll of noise {unknown}


   Skills:
 + Level 1.2 Armour
 - Level 2.1 Dodging
 - Level 2.4 Stealth
 + Level 1.7 Shields
 - Level 1.7 Spellcasting
 * Level 2.1 Necromancy
 - Level 0.8 Transmutations
 * Level 5.0 Earth Magic


You had 2 spell levels left.
You knew the following spells:

 Your Spells              Type           Power      Damage    Failure   Level
a - Sandblast             Erth           36%        2d10      2%          1
b - Stone Arrow           Conj/Erth      20%        3d8       22%         3

Your spell library contained the following spells:

 Spells                   Type           Power      Damage    Failure   Level
 Passwall                 Tmut/Erth      9%         N/A       9%          2
 Ignite Poison            Fire/Tmut/Pois 2%         N/A       47%         3
 Conjure Flame            Conj/Fire      1%         6-21      52%         3
 Petrify                  Tmut/Erth      11%        N/A       52%         4
 Sticky Flame             Conj/Fire      1%         2d3       89%         4


Dungeon Overview and Level Annotations

Branches:
Dungeon (3/15)

Altars:
Lugonu

Shops:
D:2 =


Innate Abilities, Weirdness & Mutations

You are resistant to damage.
You can heal yourself by infusing magical energy.
You passively map a small area around you.
You do not regenerate.


Message History

The stone arrow hits the endoplasm!
You kill the endoplasm!
Magic restored.
Found a faded altar of an unknown god.
A ball python comes into view.
Aiming: Sandblast (safe; 2% risk of failure)
Press: ? - help, Q - select action, (/) - cycle Shift-Dir - straight line, f - ball python
Aim: a ball python (77% to hit)
The blast of sand hits the ball python!
You kill the ball python!
You enter the shallow water.
Moving in this stuff is going to be slow.
A ball python and a worm come into view.
You see here a ball python corpse.
You enter the shallow water.
Moving in this stuff is going to be slow.
A bat comes into view.
You enter the shallow water.
Moving in this stuff is going to be slow.
The ball python hisses angrily.
Aiming: Sandblast (safe; 2% risk of failure)
Press: ? - help, Q - select action, (/) - cycle Shift-Dir - straight line, f - ball python
Aim: a ball python (77% to hit)
The blast of sand hits the ball python.
You kill the ball python!
The bat misses you.
Aiming: Sandblast (safe; 2% risk of failure)
Press: ? - help, Q - select action, (/) - cycle Shift-Dir - straight line, f - bat
Aim: a bat (69% to hit)
The blast of sand hits the bat!
You kill the bat!
Things that are here:
a bat corpse; a ball python corpse
There is a faded altar of an unknown god here.
You cannot tell which god this altar belongs to.
Convert to them anyway?
Lugonu accepts your prayer! Lugonu welcomes you!
You can now depart the Abyss.
You can now bend space around yourself.
Okay, then.
Are you sure you want to abandon this character and quit the game? (Confirm with "yes".)

, ####.########## ,
.≈.≈≈.≈≈......# , ,
.≈.≈≈.≈.....≈..
...≈≈≈≈≈≈≈≈≈≈≈. * ,
...≈≈≈≈≈≈≈≈≈≈≈.. *
,.....≈≈≈≈≈≈≈≈≈≈...
.....≈≈≈≈.≈≈≈≈≈.# ,,
...≈≈≈≈.@.≈≈≈.≈# * ,
#.≈≈≈≈.†♣≈≈≈≈.##
####≈≈w≈≈≈≈≈≈≈≈...# *,
......≈≈≈≈≈≈≈≈≈≈... **
* #..≈≈≈≈≈≈≈≈≈≈..# , *
, #≈≈.≈†≈.≈......#
#≈≈..≈.≈...≈≈..# *
.#######...#...#####..#
.........#####.# ..#


You could see a worm.

Vanquished Creatures
  An orc wizard (D:2)
  A worm (D:2)
  A dart slug (D:2)
  2 orcs (D:2)
  7 endoplasms
  3 giant cockroaches
  5 goblins
  3 hobgoblins
  A quokka (D:1)
  6 ball pythons
  7 bats
  2 frilled lizards (D:1)
  3 kobolds (D:1)
  3 rats
45 creatures vanquished.

Vanquished Creatures (others)
  A fungus (D:2)
  3 toadstools (D:2)
4 creatures vanquished.

Grand Total: 49 creatures vanquished

Notes
Turn   | Place    | Note
-------+----------+-------------------------------------------
     0 | D:1      | Kala the Deep Dwarf Earth Elementalist began the quest for
                  | the Orb.
     0 | D:1      | Reached XP level 1. HP: 15/15 MP: 3/3
   282 | D:1      | Reached XP level 2. HP: 20/22 MP: 1/4
   476 | D:1      | Reached skill level 1 in Necromancy
   543 | D:1      | Reached skill level 1 in Shields
   844 | D:1      | Reached XP level 3. HP: 22/28 MP: 3/5
  1266 | D:2      | Learned a level 3 spell: Stone Arrow
  1641 | D:2      | Reached skill level 1 in Armour
  1710 | D:2      | Found Womat's Jewellery Emporium.
  2124 | D:2      | HP: 1/28 [something (1)]
  2142 | D:2      | Reached skill level 5 in Earth Magic
  2142 | D:2      | Reached XP level 4. HP: 1/36 MP: 0/6
  2541 | D:3      | Found a faded altar of an unknown god.
  2556 | D:3      | Became a worshipper of Lugonu the Unformed
  2556 | D:3      | Reached * piety under Lugonu
  2556 | D:3      | Reached ** piety under Lugonu
  2557 | D:3      | Quit the game

Illustrated notes

Levels and vault maps discovered:
D:1:      amcnicky_arrival_double_pillar, layout_loops_ring,
          corexii_item_surrounded_by_moat
D:2:      layout_loops_corners, serial_shops, shop, minmay_gold_behind_fungi,
          nrook_uturn
D:3:      layout_loops_ring, serial_glass, glass_columns_a, glass_columns_b,
          chequers_ecumenical_altar_island, minmay_fractal_squares_gapless_5

Skill      XL: |  1  2  3 |
---------------+----------+-----
Necromancy     | 1 2 |  2.1
Shields        | 1 |  1.7
Armour         | 1 |  1.2
Earth Magic    | 5 |  5.0
Dodging        | |  2.1
Stealth        | |  2.4
Spellcasting   | |  1.7
Transmutations | |  0.8

Action                   |  1- 3 |  4- 6 || total
-------------------------+-------+-------++-------
Melee: Unarmed           |     3 |       ||     3
 Cast: Sandblast         |    57 |     4 ||    61
       Stone Arrow       |     3 |     3 ||     6
  Use: Potion            |       |     5 ||     5
Armor: Robe              |     7 |       ||     7
Dodge: Dodged            |    14 |     1 ||    15
